AoeStats
← alexandrovb27

Arabia

510592363Analyzed
3v3 RM · 2d ago on Oct 1, 2026· 76m 11s· 6 players
Game mode
Random Map
Map size
Normal (6 player)
Population
200
Speed
Normal
Resources
Standard
Victory
Conquest
Starting age
Dark Age
Ending age
Imperial Age
RankedLock teamsTeams togetherTeam positionsShared explorationLock speedFull tech treeHidden civsTurbo modeCheats
Victory
Defeat
🇧🇴 Goths · Bolivia
697
+12
🇧🇷 Britons · Brazil
655
+14
🇵🇪 Chinese · Peru
583
+18
🇹🇷 Franks · Türkiye
640
-19
🇧🇬 Ethiopians · Bulgaria
604
-14
🇪🇸 Japanese · Spain
592
-14
Endulusi
0:41 Loom
9:23 Feudal Age
10:42 Wheelbarrow
9:56 Double-Bit Axe
10:56 Town Watch
13:24 Man-at-Arms
15:30 Gold Mining
16:20 Stone Mining
22:57 Castle Age
21:00 Arson
21:40 Padded Archer Armor
22:44 Fletching
24:00 Hand Cart
24:24 Bow Saw
23:49 Crossbowman
25:58 Gambesons
26:38 Leather Archer Armor
26:26 Husbandry
27:39 Scale Mail Armor
27:56 Squires
30:30 Bodkin Arrow
31:48 Gold Shaft Mining
36:43 Imperial Age
34:42 Forging
34:59 Ballistics
35:30 Town Patrol
38:13 Fortified Wall
39:52 Conscription
38:59 Long Swordsman
40:46 Chemistry
40:51 Elite Throwing Axeman
43:17 Iron Casting
42:08 Ordonnance Companies
43:35 Light Cavalry
45:23 Chain Mail Armor
44:31 Pikeman
46:06 Masonry
48:43 Plate Mail Armor
48:32 Scale Barding Armor
53:53 Caravan
54:37 Hoardings
59:10 Fervor
60:17 Theocracy
60:18 Illumination
59:22 Two-Handed Swordsman
65:57 Blast Furnace
64:21 Cavalier
67:56 Elite Skirmisher
73:00 Guard Tower
kras
14:59 Feudal Age
15:02 Man-at-Arms
17:06 Wheelbarrow
16:17 Horse Collar
17:20 Double-Bit Axe
21:27 Gold Mining
25:26 Stone Mining
29:14 Castle Age
31:51 Hand Cart
31:18 Long Swordsman
31:45 Gambesons
33:39 Gold Shaft Mining
33:20 Heavy Plow
33:33 Bow Saw
33:40 Padded Archer Armor
33:43 Scale Mail Armor
33:54 Forging
33:34 Fletching
33:54 Crossbowman
35:23 Squires
35:42 Thumb Ring
39:26 Caravan
41:13 Arson
48:31 Imperial Age
47:07 Elite Skirmisher
48:37 Two-Handed Swordsman
48:43 Arbalester
50:39 Champion
65:11 Arson
66:06 Arson
67:05 Arson
North Stand
13:26 Feudal Age
17:23 Castle Age
16:46 Double-Bit Axe
16:44 Horse Collar
19:44 Crossbowman
20:53 Gold Mining
21:14 Bow Saw
21:14 Heavy Plow
23:39 Gold Shaft Mining
25:00 Fletching
25:10 Padded Archer Armor
25:19 Thumb Ring
26:51 Stone Mining
27:03 Bodkin Arrow
27:24 Leather Archer Armor
33:45 Thumb Ring
38:46 Caravan
44:01 Imperial Age
42:14 Fortified Wall
42:28 Ballistics
46:01 Ring Archer Armor
45:31 Bracer
47:49 Arbalester
49:25 Town Watch
49:26 Loom
51:06 Conscription
57:53 Cavalier
58:34 Husbandry
62:28 Two-Man Saw
62:05 Stone Shaft Mining
65:25 Wheelbarrow
64:52 Town Patrol
64:32 Elite Skirmisher
73:59 Hand Cart
jcc
8:10 Loom
10:07 Feudal Age
13:57 Wheelbarrow
14:50 Double-Bit Axe
23:17 Castle Age
21:24 Horse Collar
21:35 Town Watch
24:29 Crossbowman
26:11 Padded Archer Armor
25:46 Pikeman
27:47 Caravan
28:18 Coinage
33:54 Man-at-Arms
36:41 Fervor
36:38 Long Swordsman
38:56 Town Watch
39:27 Hand Cart
42:37 Imperial Age
40:14 Elite Skirmisher
41:15 Leather Archer Armor
40:51 Fletching
42:25 Gold Mining
42:30 Stone Mining
42:35 Fletching
45:06 Ballistics
45:47 Chemistry
45:06 Cavalier
46:58 Onager
47:37 Murder Holes
48:49 Two-Handed Swordsman
50:21 Champion
52:38 Halberdier
54:23 Warwolf
53:59 Elite Longbowman
56:21 Conscription
60:15 Bodkin Arrow
60:50 Ring Archer Armor
76:37 Banking
BRICET27S
0:28 Loom
14:24 Feudal Age
14:52 Double-Bit Axe
14:48 Horse Collar
15:47 Wheelbarrow
14:38 Man-at-Arms
18:23 Forging
18:19 Scale Barding Armor
23:51 Bloodlines
27:26 Gold Mining
31:03 Castle Age
30:45 Fletching
32:34 Iron Casting
31:32 Light Cavalry
32:40 Bow Saw
33:25 Heavy Plow
35:25 Chain Barding Armor
35:24 Hand Cart
36:41 Elite Skirmisher
37:20 Stone Mining
37:41 Bodkin Arrow
37:48 Padded Archer Armor
38:38 Stone Shaft Mining
39:03 Treadmill Crane
41:35 Leather Archer Armor
42:24 Crossbowman
44:25 Ballistics
48:55 Imperial Age
48:56 Anarchy
49:05 Hussar
50:50 Blast Furnace
51:25 Chemistry
50:27 Bracer
50:58 Ring Archer Armor
51:51 Ring Archer Armor
51:59 Crop Rotation
52:33 Two-Man Saw
53:57 Scale Mail Armor
55:21 Chain Mail Armor
61:28 Perfusion
63:15 Elite Huskarl
66:34 Heated Shot
66:58 Masonry
69:07 Pikeman
69:51 Squires
71:04 Halberdier
alexandrovb27
0:51 Loom
13:09 Feudal Age
14:40 Town Watch
15:31 Wheelbarrow
14:46 Double-Bit Axe
14:44 Horse Collar
17:37 Man-at-Arms
21:53 Forging
27:29 Castle Age
27:39 Fletching
27:51 Scale Mail Armor
27:54 Padded Archer Armor
27:52 Stone Mining
27:56 Gold Mining
28:26 Elite Skirmisher
29:11 Thumb Ring
29:42 Pikeman
30:22 Squires
30:09 Arson
34:33 Hand Cart
34:18 Town Patrol
34:37 Bow Saw
39:38 Sanctity
42:16 Imperial Age
40:33 Great Wall
43:09 Bodkin Arrow
43:30 Leather Archer Armor
43:51 Iron Casting
43:31 Chain Mail Armor
44:36 Conscription
43:47 Sappers
44:41 Elite Chu Ko Nu
46:53 Chemistry
46:14 Ballistics
46:08 Elite Fire Lancer
48:12 Gold Shaft Mining
48:15 Stone Shaft Mining
49:01 Halberdier
56:20 Heavy Rocket Cart
58:22 Rocketry
60:58 Rocketry
64:03 Rocketry
66:26 Rocketry
67:23 Heavy Plow
68:29 Two-Man Saw
Connection lost

Rejoining the realm…

Still unreachable

The connection could not be restored.

Session expired

The server has moved on; the page needs a fresh start.